 Dungeon Crawl Stone Soup version 0.21-a0-356-g45b0a09 (webtiles) character file.

651 Hasart the Geomancer (level 7, -8/36 HPs)
             Began as a Gargoyle Earth Elementalist on Oct 12, 2017.
             Was an Initiate of Ashenzari.
             Shot with an arrow by a centaur (14 damage)
             ... on level 5 of the Dungeon.
             The game lasted 00:09:24 (3464 turns).

Hasart the Geomancer (Gargoyle Earth Elementalist)  Turns: 3464, Time: 00:09:26

Health: -8/36      AC:  8    Str: 11    XL:     7   Next: 53%
Magic:  9/13       EV: 12    Int: 18    God:    Ashenzari [......]
Gold:   182        SH:  0    Dex: 10    Spells: 6/15 levels left

rFire    . . .     SeeInvis .   l - +1 dagger (venom) (curse)
rCold    . . .     Gourm    .   (no shield)
rNeg     + . .     Faith    .   c - +0 robe
rPois    ∞         Spirit   .   p - +2 hat
rElec    +         Reflect  .   (no cloak)
rCorr    .         Harm     .   (no gloves)
MR       +....                  (no boots)
Stlth    ++........             (no amulet)
HPRegen  0.12/turn              g - ring of protection from magic
MPRegen  0.13/turn              (no ring)

@: no status effects
A: negative energy resistance 1, electricity resistance, unbreathing,
petrification resistance, rot immunity, AC +4
a: Curse Item, Renounce Religion


You were on level 5 of the Dungeon.
You worshipped Ashenzari.
Ashenzari was noncommittal.
You were hungry.

You visited 1 branch of the dungeon, and saw 5 of its levels.

You collected 182 gold pieces.

Inventory:

Hand Weapons
 l - a cursed +1 dagger of venom (weapon)
Missiles
 b - 95 stones (quivered)
Armour
 c - a +0 robe (worn)
 p - a +2 hat (worn)
Jewellery
 g - a ring of protection from magic (left hand)
Scrolls
 a - 2 scrolls of teleportation {unknown}
 f - a scroll of magic mapping {unknown}
 h - 2 scrolls of remove curse
 n - 3 scrolls of enchant weapon {unknown}
 q - a scroll of blinking {unknown}
 u - a scroll of fog {unknown}
 v - a scroll of identify {unknown}
 x - a scroll of noise {unknown}
Potions
 j - 2 potions of curing {unknown}
 m - a potion of haste {unknown}
 o - a potion of magic {unknown}
 r - a potion of mutation {unknown}
 s - 2 potions of ambrosia {unknown}
 t - a potion of lignification {unknown}
Books
 e - a book of Geomancy

   Spells                             Type                      Level
   a - Sandblast                      Earth                        1
   b - Passwall                       Transmutation/Earth          2
   c - Stone Arrow                    Conjuration/Earth            3
   d - Petrify                        Transmutation/Earth          4
   e - Lee's Rapid Deconstruction     Earth                        5
Comestibles
 d - 2 bread rations
 i - 2 meat rations
 k - 4 chunks of flesh
 w - a fruit


   Skills:
 - Level 1.5 Dodging
 - Level 2.1 Stealth
 + Level 4.5 Spellcasting
   Level 0.7 Transmutations
 * Level 8.6 Earth Magic


You had 6 spell levels left.
You knew the following spells:

 Your Spells              Type           Power        Failure   Level  Hunger
a - Sandblast             Erth           #####.       1%          1    None
b - Stone Arrow           Conj/Erth      ###...       7%          3    ###....
c - Lee's Rapid Deconstr  Erth           #####.....   11%         5    ######.


Dungeon Overview and Level Annotations

Branches:
Dungeon (5/15)             Temple (0/1) D:4

Altars:
Ashenzari

Annotations:
D:5 Eustachio


Innate Abilities, Weirdness & Mutations

You are resistant to torment.
Your stone body is resilient. (AC +4)
You are immune to poison.
You resist negative energy. (rN+)
You are resistant to electric shocks. (rElec)
You can survive without breathing.
You are immune to petrification.
You are immune to rotting.


Message History

The stone arrow hits the centaur.
The centaur is moderately wounded.
The centaur shouts!
You are feeling hungry.
The centaur wields a shortbow.
The centaur shoots an arrow.
The arrow hits you!
* * * LOW HITPOINT WARNING * * *
The centaur shoots an arrow.
The arrow barely misses you.
Unknown command.
Casting: Stone Arrow
Confirm with . or Enter, or press ? or * to list all spells.
Aiming: Sandblast
Press: ? - help, Shift-Dir - straight line, f/p - centaur
Aim: a centaur, wielding a shortbow and wearing a robe (moderately wounded)
The blast of sand hits the centaur.
The centaur is heavily wounded.
b - 95 stones The centaur shoots an arrow.
The arrow hits you.
* * * LOW HITPOINT WARNING * * *
The centaur shoots an arrow.
The arrow hits you!
You die...

#........###...†
T.. #.#####..#
#.... ... #.# #..#
#.... ##.. #.#
#..# ##.## .....
#.# #..# #.#
.....####.# # #..#
#.# .........(#<#
#... ..
....$...(..##.#.##
.......@......#
................
................#
....c......######
...........#
............
......#######
......


You could see a troll (wandering) and a centaur.

Vanquished Creatures
  A phantom (D:5)
  An ogre (D:4)
  A scorpion (D:3)
  A howler monkey (D:5)
  An orc priest (D:4)
  A hound (D:3)
  3 orc wizards
  An iguana (D:5)
  2 worker ants
  7 gnolls
  3 adders
  A worm (D:2)
  A dart slug (D:1)
  4 leopard geckos
  9 orcs
  2 bats
  5 giant cockroaches
  6 goblins
  3 hobgoblins (D:1)
  4 jackals
  3 kobolds
  A quokka (D:3)
  2 frilled lizards
  4 rats
67 creatures vanquished.

Notes
Turn   | Place    | Note
-------+----------+-------------------------------------------
     0 | D:1      | Hasart the Gargoyle Earth Elementalist began the quest for the Orb.
     0 | D:1      | Reached XP level 1. HP: 10/10 MP: 3/3
   122 | D:1      | Reached skill level 4 in Earth Magic
   189 | D:1      | Reached XP level 2. HP: 11/15 MP: 1/5
   701 | D:1      | Reached XP level 3. HP: 19/19 MP: 6/6
  1377 | D:2      | Found a shattered altar of Ashenzari.
  1474 | D:2      | Reached skill level 5 in Earth Magic
  1639 | D:2      | Became a worshipper of Ashenzari the Shackled
  1782 | D:2      | Reached XP level 4. HP: 16/24 MP: 8/8
  1973 | D:3      | Reached XP level 5. HP: 15/28 MP: 7/9
  2177 | D:3      | Reached skill level 6 in Earth Magic
  2685 | D:3      | Reached XP level 6. HP: 28/32 MP: 9/11
  2789 | D:4      | Learned a level 3 spell: Stone Arrow
  2795 | D:4      | Learned a level 5 spell: Lee's Rapid Deconstruction
  2807 | D:4      | Reached skill level 7 in Earth Magic
  2888 | D:4      | Found a staircase to the Ecumenical Temple.
  3229 | D:4      | Reached XP level 7. HP: 36/36 MP: 11/13
  3319 | D:5      | Entered Level 5 of the Dungeon
  3321 | D:5      | Noticed Eustachio
  3328 | D:5      | Reached skill level 8 in Earth Magic
  3464 | D:5      | Shot with an arrow by a centaur

Vault maps used:
D:1:      lightli_molten_gateway
D:2:      nicolae_ashenzari_panopticon
D:4:      minmay_temple_entry_glass
D:5:      marbit_many_paths, first_bread, nicolae_ossuary_entry_giza,
          nicolae_alphabet_shops, serial_bayou_pond_c, st_stairs_14,
          kennysheep_small_square, uniq_eustachio, uniq_sigmund,
          uniq_crazy_yiuf_cottage

Skill      XL: |  1  2  3  4  5  6  7 |
---------------+----------------------+-----
Earth Magic    | 4 5 6 7 8 |  8.6
Spellcasting   | 3 4 |  4.5
Dodging        | |  1.5
Stealth        | |  2.1
Transmutations | |  0.7

Action                   |  1- 3 |  4- 6 |  7- 9 || total
-------------------------+-------+-------+-------++-------
Melee: Unarmed           |     7 |       |       ||     7
       Dagger            |    46 |    82 |     7 ||   135
 Cast: Sandblast         |    18 |    11 |    23 ||    52
       Stone Arrow       |       |     3 |     1 ||     4
Invok: Curse Item        |     1 |       |       ||     1
 Stab: Sleeping          |     2 |     1 |       ||     3
  Eat: Chunk             |     3 |     5 |       ||     8
Armor: Robe              |    13 |    33 |     6 ||    52
Dodge: Dodged            |    40 |    58 |     2 ||   100

Table legend:
 A = Spawn XP
 B = Non-spawn XP
 C = Spawn XP percentage of total XP
 D = Spawn monster count
 E = Non-spawn monster count
 F = Spawn count percentage of total count
 G = Total turns spent on level
                    A         B        C        D         E        F      G
               +---------+---------+-------+---------+---------+-------+---------
         Total |       0 |     931 |   0.0 |       0 |      67 |   0.0 |  3464
               +---------+---------+-------+---------+---------+-------+---------
           D:1 |       0 |      43 |   0.0 |       0 |      21 |   0.0 |   829
           D:2 |       0 |      84 |   0.0 |       0 |      11 |   0.0 |  1342
           D:3 |       0 |     252 |   0.0 |       0 |      19 |   0.0 |   819
           D:4 |       0 |     292 |   0.0 |       0 |      12 |   0.0 |   329
           D:5 |       0 |     260 |   0.0 |       0 |       4 |   0.0 |   145
               +---------+---------+-------+---------+---------+-------+---------
